AoeStats
← sksarthak

Arabia

510384693Analyzed
1v1 RM · 17h ago on Sep 30, 2026· 39m 8s· 2 players
Game mode
Random Map
Map size
Tiny (2 player)
Population
200
Speed
Normal
Resources
Standard
Victory
Conquest
Starting age
Dark Age
Ending age
Imperial Age
RankedLock teamsTeams togetherTeam positionsShared explorationLock speedFull tech treeHidden civsTurbo modeCheats
Victory
Defeat
🇺🇸 Varangians · United States
1115
+17
🇲🇽 Varangians · Mexico
1136
-17
sksarthak
5:43 Loom
9:16 Feudal Age
10:49 Double-Bit Axe
11:28 Horse Collar
16:47 Wheelbarrow
20:01 Castle Age
19:52 Bloodlines
20:22 Forging
20:18 Scale Barding Armor
21:45 Iron Casting
21:58 Gold Mining
25:31 Husbandry
25:27 Town Watch
33:41 Chain Barding Armor
33:12 Fletching
36:16 Imperial Age
34:05 Vendel Legacy
36:30 Bodkin Arrow
36:37 Cavalier
38:22 Blast Furnace
37:58 Plate Barding Armor
37:24 Bracer
ELEG VACASADA
5:55 Loom
8:48 Feudal Age
13:27 Double-Bit Axe
15:50 Wheelbarrow
18:36 Castle Age
16:49 Horse Collar
17:18 Arson
19:22 Gambesons
22:16 Squires
22:36 Bow Saw
28:03 Forging
28:54 Scale Mail Armor
29:16 Heavy Plow
31:05 Iron Casting
35:44 Imperial Age
39:01 Blast Furnace
37:28 Elite Varangian Guard
39:04 Chain Mail Armor
Connection lost

Rejoining the realm…

Still unreachable

The connection could not be restored.

Session expired

The server has moved on; the page needs a fresh start.